 Dungeon Crawl Stone Soup version 0.22-a0-136-g83a10e5 (webtiles) character file.

44 mhoghedin the Ruffian (level 3, -5/29 (30) HPs)
             Began as a Ghoul Warper on Feb 4, 2018.
             Slain by a worm (7 damage)
             ... on level 2 of the Dungeon.
             The game lasted 00:02:09 (1404 turns).

mhoghedin the Ruffian (Ghoul Warper)                Turns: 1404, Time: 00:02:10

HP:   -5/29 (30)    AC:  4    Str: 14    XL:     3   Next: 60%
MP:   4/4           EV: 12    Int:  8    God:
Gold: 23            SH:  0    Dex:  9    Spells: 5/5 levels left

rFire    . . .     SeeInvis .   o - +0 dagger
rCold    + . .     Gourm    .   (no shield)
rNeg     + + +     Faith    .   l - +0 leather armour (curse)
rPois    ∞         Spirit   .   (no helmet)
rElec    .         Reflect  .   (no cloak)
rCorr    .         Harm     .   (no gloves)
MR       .....                  e - +0 pair of boots
Stlth    +.........             (no amulet)
HPRegen  0.00/turn              (no ring)
MPRegen  0.09/turn              (no ring)

@: rotting
A: rotting body, claws 1, carnivore, cold resistance 1, negative energy
resistance 3, inhibited regeneration, torment resistance, unbreathing
a: no special abilities


You were on level 2 of the Dungeon.
You were not hungry.

You visited 1 branch of the dungeon, and saw 2 of its levels.

You collected 23 gold pieces.

Inventory:

Hand Weapons
 a - a +0 whip
   (You found it on level 1 of the Dungeon)
 g - a +0 short sword
   (You took it off a kobold on level 1 of the Dungeon)
 h - a +0 hand axe
   (You found it on level 1 of the Dungeon)
 i - a +0 whip
   (You took it off a kobold on level 1 of the Dungeon)
 n - a +0 short sword
   (You took it off a kobold on level 1 of the Dungeon)
 o - a +0 dagger (weapon)
   (You took it off a kobold on level 1 of the Dungeon)
Missiles
 d - 5 tomahawks of dispersal {=f}
Armour
 e - a +0 pair of boots (worn)
   (You found it on level 1 of the Dungeon)
 l - a cursed +0 leather armour (worn)
   (You found it on level 1 of the Dungeon)
Scrolls
 c - a scroll of blinking {!r}
 k - a scroll of amnesia {unknown}
 m - 3 scrolls of magic mapping {unknown}
Potions
 j - 2 potions of might {unknown}
Books
 b - a book of Spatial Translocations
Comestibles
 f - 2 rations


   Skills:
 + Level 2.8 Fighting
 - Level 0.8 Throwing
 + Level 1.6 Armour
 + Level 2.3 Dodging
 + Level 2.9 Unarmed Combat
 - Level 1.7 Spellcasting
   Level 2.6 Translocations


You had 5 spell levels left.
You didn't know any spells.

Dungeon Overview and Level Annotations

Branches:
Dungeon (2/15)

Altars:


Innate Abilities, Weirdness & Mutations

Your body is rotting away.
You thrive on raw meat.
You are immune to poison.
You have sharp fingernails.
You are carnivorous and can eat meat at any time.
Your flesh is cold resistant. (rC+)
You are immune to negative energy. (rN+++)
You do not regenerate when monsters are visible.
You are immune to unholy pain and torment.
You can survive without breathing.


Message History

You start resting.
Health restored: 29 Unknown command.
There is an open door here.
There is an open door here.
There is a stone staircase leading down here.
You climb downwards.
A quokka and a hobgoblin come into view.
The hobgoblin shouts!
The quokka twitches its whiskers.
There is a stone staircase leading up here.
There are monsters nearby!
You hit the quokka but do no damage. The quokka closely misses you.
You hit the quokka but do no damage.
The quokka bites you but does no damage.
You hit the quokka. The quokka completely misses you.
You closely miss the quokka. The quokka closely misses you.
You miss the quokka. The quokka barely misses you. The hobgoblin hits you.
You take 1 damage, and have 28/29 hp.
You barely miss the quokka. The quokka closely misses you.
The hobgoblin hits you. The quokka barely misses you.
You take 1 damage, and have 27/29 hp.
You closely miss the quokka. The hobgoblin barely misses you.
The quokka misses you.
You hit the quokka. The hobgoblin hits you. The quokka barely misses you.
You take 1 damage, and have 26/29 hp.
You closely miss the quokka. The quokka closely misses you.
The hobgoblin hits you.
You take 2 damage, and have 24/29 hp.
You hit the quokka but do no damage. The quokka misses you.
The hobgoblin closely misses you.
You closely miss the quokka. The quokka barely misses you.
The hobgoblin misses you. The quokka barely misses you.
You miss the quokka. The hobgoblin barely misses you.
The quokka closely misses you.
You hit the quokka.
You kill the quokka!
The hobgoblin completely misses you.
You hit the hobgoblin but do no damage. The hobgoblin hits you.
You take 3 damage, and have 21/29 hp.
You hit the hobgoblin but do no damage. The hobgoblin hits you.
You take 2 damage, and have 19/29 hp.
You hit the hobgoblin.
The hobgoblin hits you but does no damage.
You hit the hobgoblin.
You kill the hobgoblin!
No target in view!
No target in view!
No target in view!
No target in view!
No target in view!
No target in view!
No target in view!
No target in view!
No target in view!
No target in view!
No target in view!
No target in view!
There is a stone staircase leading up here.
You open the door.
There is an open door here.
Found a stone staircase leading down.
You regained 2 hp, and now have 22/29 hp.
A goblin comes into view.
Found an escape hatch in the floor.
A goblin is nearby!
The goblin hits you.
You take 1 damage, and have 21/29 hp.
You closely miss the goblin. The goblin barely misses you.
You barely miss the goblin. The goblin hits you but does no damage.
You closely miss the goblin. The goblin hits you.
You take 2 damage, and have 19/29 hp.
You hit the goblin. The goblin barely misses you.
You hit the goblin. The goblin misses you.
You hit the goblin.
You kill the goblin!
No target in view!
No target in view!
No target in view!
No target in view!
No target in view!
A worm comes into view.
A worm is nearby!
The worm bites you!
You take 8 damage, and have 11/29 hp.
MASSIVE DAMAGE!!
You see here 9 gold pieces.
You aren't carrying any items that you can evoke.
You hit the worm. You hit the worm but do no damage.
The worm bites you but does no damage.
You barely miss the worm. The worm bites you.
You take 1 damage, and have 10/29 hp.
You hit the worm but do no damage. You hit the worm but do no damage.
The worm bites you!
* * * LOW HITPOINT WARNING * * *
You take 8 damage, and have 2/29 hp.
MASSIVE DAMAGE!!
You barely miss the worm. You barely miss the worm. The worm bites you!
You die...

#... #...##### #.......#
#.......# #.......#
#.......# ####### #.?.....#
#......
#.......#############......
#........w@..(.....##......
#........$.........##......
#..................##......
#.#############†...##......
#. #....##...... #
#............
..##....######## ..>#....#
...##..>.#


You could see a worm.

Vanquished Creatures
  A dart slug (D:1)
  3 leopard geckos
  5 bats
  2 giant cockroaches (D:1)
  6 goblins
  6 hobgoblins
  A quokka (D:2)
  2 frilled lizards (D:1)
  6 kobolds
  3 rats (D:1)
35 creatures vanquished.

Notes
Turn   | Place    | Note
-------+----------+-------------------------------------------
     0 | D:1      | mhoghedin the Ghoul Warper began the quest for the Orb.
     0 | D:1      | Reached XP level 1. HP: 17/17 MP: 2/2
    41 | D:1      | Reached skill level 1 in Armour
   215 | D:1      | Reached XP level 2. HP: 20/25 MP: 3/3
   235 | D:1      | Reached skill level 2 in Dodging
   708 | D:1      | Reached XP level 3. HP: 29/29 MP: 4/4
  1402 | D:2      | HP: 2/29 [worm (8)]
  1404 | D:2      | Slain by a worm

Vault maps used:
D:1:      lemuel_arrival_cross, nrook_mini_backslash
D:2:      mumra_celtic_spiral_tile, nicolae_overflow_hidden_temple

Skill      XL: |  1  2 |
---------------+-------+-----
Armour         | 1 |  1.6
Dodging        | 2 |  2.3
Fighting       | |  2.8
Throwing       | |  0.8
Unarmed Combat | |  2.9
Spellcasting   | |  1.7
Translocations | |  2.6

Action                   || total
-------------------------++-------
Melee: Unarmed           ||   137
       Punch             ||     1
       Dagger            ||    30
  Eat: Chunk             ||     2
Armor: Leather armour    ||    45
Dodge: Dodged            ||   113

Table legend:
 A = Spawn XP
 B = Non-spawn XP
 C = Spawn XP percentage of total XP
 D = Spawn monster count
 E = Non-spawn monster count
 F = Spawn count percentage of total count
 G = Total turns spent on level
                    A         B        C        D         E        F      G
               +---------+---------+-------+---------+---------+-------+---------
         Total |       0 |      63 |   0.0 |       0 |      35 |   0.0 |  1404
               +---------+---------+-------+---------+---------+-------+---------
           D:1 |       0 |      52 |   0.0 |       0 |      29 |   0.0 |  1301
           D:2 |       0 |      11 |   0.0 |       0 |       6 |   0.0 |   103
               +---------+---------+-------+---------+---------+-------+---------

Vault maps used:
D:1:      lemuel_arrival_cross, nrook_mini_backslash
D:2:      mumra_celtic_spiral_tile, nicolae_overflow_hidden_temple

Table legend:
 A = Turns spent in this place as a percentage of turns spent in the entire game.
 B = Non-inter-level travel turns spent in this place as a percentage of non-inter-level travel turns spent in the entire game.
 C = Inter-level travel turns spent in this place as a percentage of turns spent in this place.
 D = Turns resting spent in this place as a percentage of non-inter-level travel turns spent in this place.
 E = Turns spent auto-exploring this place as a percentage of non-inter-level travel turns spent in this place.
 F = Non-inter-level travel turns spent in this place divided by the number of levels of this place that you've seen.
                   A       B       C       D       E      F
               +-------+-------+-------+-------+-------+----------------------
         Total | 100.0 | 100.0 |   4.8 |  21.9 |  54.6 | 668.0
       Dungeon | 100.0 | 100.0 |   4.8 |  21.9 |  54.6 | 668.0
               +-------+-------+-------+-------+-------+----------------------

Table legend:
 A = Kills in this place as a percentage of kills in entire the game.
 B = Kills by you in this place as a percentage of kills by you in the entire game.
 C = Kills by friends in this place as a percentage of kills by friends in the entire game.
 D = Other kills in this place as a percentage of other kills in the entire game.
 E = Experience gained in this place as a percentage of experience gained in the entire game.
 F = Experience gained in this place divided by the number of levels of this place that you have seen.
                   A       B       C       D       E      F
               +-------+-------+-------+-------+-------+----------------------
         Total | 100.0 | 100.0 |   N/A |   N/A | 100.0 |  31.5
       Dungeon | 100.0 | 100.0 |   N/A |   N/A | 100.0 |  31.5
               +-------+-------+-------+-------+-------+----------------------
